 Dungeon Crawl Stone Soup version 0.23.2-1-ga50397a (webtiles) character file.

Game seed: 4713102616546599165

98 goulibeur the Distorting Demonspawn (level 4, -2/35 HPs)
             Began as a Demonspawn Abyssal Knight on May 11, 2019.
             Was a Believer of Lugonu.
             Slain by a hornet zombie (3 damage)
             ... on level 3 of the Dungeon.
             The game lasted 00:08:51 (3040 turns).

goulibeur the Distorting Demonspawn (DsAK)          Turns: 3040, Time: 00:08:52

Health: -2/35      AC:  5    Str: 12    XL:     4   Next: 43%
Magic:  7/7        EV: 11    Int: 13    God:    Lugonu [**....]
Gold:   92         SH:  6    Dex: 14    Spells: 3/3 levels left

rFire    . . .     SeeInvis .   a - +1 spear
rCold    . . .     Gourm    .   (no shield)
rNeg     . . .     Faith    .   l - +0 ring mail
rPois    .         Spirit   .   (no helmet)
rElec    .         Reflect  .   (no cloak)
rCorr    .         Harm     .   (no gloves)
MR       .....                  (no boots)
Stlth    +.........             (no amulet)
HPRegen  0.11/turn              (no ring)
MPRegen  0.10/turn              (no ring)

@: no status effects
A: large bone plates 2
a: Depart the Abyss, Bend Space, Renounce Religion


You were on level 3 of the Dungeon.
You worshipped Lugonu.
Lugonu was pleased with you.
You were not hungry.

You visited 1 branch of the dungeon, and saw 3 of its levels.
You visited the Abyss 1 time.

You collected 92 gold pieces.

Inventory:

Hand Weapons
 a - a +1 spear (weapon)
Armour
 b - a +0 leather armour
 l - a +0 ring mail (worn)
Jewellery
 j - a cursed -2 ring of strength {unknown}
Scrolls
 d - 4 scrolls of remove curse {unknown}
 h - a scroll of fear {unknown}
 i - a scroll of amnesia {unknown}
Potions
 e - a potion of haste {unknown}
 g - a potion of flight {unknown}
 k - a potion of heal wounds {unknown}
Comestibles
 c - 7 rations


   Skills:
 + Level 3.4 Fighting
 + Level 2.3 Polearms
 + Level 2.3 Armour
 + Level 1.6 Dodging
 * Level 4.1 Invocations


You had 3 spell levels left.
You didn't know any spells.
Your spell library was empty.

Dungeon Overview and Level Annotations

Branches:
Dungeon (3/15)

Altars:
Dithmenos
Elyvilon
Kikubaaqudgha
Okawaru
Zin


Innate Abilities, Weirdness & Mutations

You are mostly covered in large bone plates. (SH +6)


Message History

You block the hornet zombie's attack.
You hit the hornet zombie but do no damage.
The hornet zombie is severely damaged.
The hornet zombie hits you but does no damage.
The hornet zombie misses you.
You barely miss the hornet zombie.
The hornet zombie is severely damaged.
The hornet zombie hits you!
* * * LOW HITPOINT WARNING * * *
You hit the hornet zombie.
The hornet zombie is severely damaged.
You block the hornet zombie's attack.
You hit the hornet zombie.
The hornet zombie is almost destroyed.
The hornet zombie closely misses you. The hornet zombie hits you.
* * * LOW HITPOINT WARNING * * *
You hit the hornet zombie.
The hornet zombie is almost destroyed.
The hornet zombie hits you.
You die...

#.......## #..
#......... ..##
#.......## ...#
#.......## #..#
##..##(... #..#
#.....### ..# ##.####
##Z# #.#### ##.@#
#.##.##
####...#########.....##
+......................
#......#######.......##
#..........# #.#####.#
............# #.# #.#
#....##.##..# #.# #.#
#....#...#..###.# #.#
#......_......#.#####.##


You could see a hornet zombie.

Vanquished Creatures
  5 adders
  A worm (D:2)
  2 dart slugs
  5 bats
  3 giant cockroaches
  5 goblins
  6 hobgoblins
  7 jackals (D:2)
  4 kobolds (D:2)
  2 ball pythons
  4 frilled lizards
  A rat (D:3)
45 creatures vanquished.

Notes
Turn   | Place    | Note
-------+----------+-------------------------------------------
     0 | Abyss:1  | goulibeur the Demonspawn Abyssal Knight began the quest for
                  | the Orb.
     0 | Abyss:1  | Reached XP level 1. HP: 18/18 MP: 2/2
    19 | Abyss:1  | Found a viscous altar of Jiyva.
    88 | Abyss:1  | Noticed an ancient zyme
    89 | D:1      | Escaped the Abyss
   332 | D:1      | Found an iron altar of Okawaru.
   346 | D:1      | Reached skill level 1 in Dodging
   370 | D:1      | Reached * piety under Lugonu
   424 | D:1      | Gained mutation: You are partially covered in large bone
                  | plates. (SH +4) [demonic ancestry]
   424 | D:1      | Reached XP level 2. HP: 21/24 MP: 4/4
   664 | D:1      | Reached skill level 3 in Invocations
   872 | D:2      | Found a faded altar of an unknown god.
   934 | D:2      | Gained mutation: You are mostly covered in large bone
                  | plates. (SH +6) [demonic ancestry]
   934 | D:2      | Reached XP level 3. HP: 6/29 MP: 5/5
   954 | D:2      | HP: 1/29 [poisoned by an adder]
  1323 | D:2      | Found a shadowy altar of Dithmenos.
  1700 | D:2      | Found a white marble altar of Elyvilon.
  2049 | D:2      | Reached XP level 4. HP: 27/35 MP: 6/6
  2140 | D:2      | Found an ancient bone altar of Kikubaaqudgha.
  2474 | D:2      | Reached ** piety under Lugonu
  2809 | D:3      | Reached skill level 4 in Invocations
  3001 | D:3      | Found a glowing silver altar of Zin.
  3039 | D:3      | HP: 1/35 [hornet zombie (4)]
  3040 | D:3      | Slain by a hornet zombie

Skill      XL: |  1  2  3  4 |
---------------+-------------+-----
Dodging        | 1 |  1.6
Invocations    | 3 4 |  4.1
Polearms       | 2 |  2.3
Armour         | 2 |  2.3
Fighting       | |  3.4

Action                   |  1- 3 |  4- 6 || total
-------------------------+-------+-------++-------
Melee: Spear             |   130 |    84 ||   214
Invok: Depart the Abyss  |     1 |       ||     1
  Use: Scroll            |     2 |       ||     2
       Potion            |     1 |       ||     1
  Eat: Chunk             |     4 |     3 ||     7
Armor: Leather armour    |    27 |    11 ||    38
       Ring mail         |       |    11 ||    11
Dodge: Dodged            |    79 |    38 ||   117
Block: Other             |    18 |    25 ||    43
